 Dungeon Crawl Stone Soup version 0.22-a0-223-g0f5d773 (webtiles) character file.

70 vishdafish the Slasher (level 4, 25/34 HPs)
             Began as a Demonspawn Gladiator on Feb 18, 2018.
             Quit the game on level 2 of the Dungeon.
             The game lasted 00:01:22 (1628 turns).

vishdafish the Slasher (Demonspawn Gladiator)       Turns: 1628, Time: 00:01:23

Health: 25/34      AC:  3    Str: 15    XL:     4   Next: 3%
Magic:  4/4        EV: 13    Int: 10    God:
Gold:   58         SH:  0    Dex: 14    Spells: 3/3 levels left

rFire    . . .     SeeInvis .   a - +0 long sword
rCold    . . .     Gourm    .   (no shield)
rNeg     . . .     Faith    .   b - +0 leather armour
rPois    .         Spirit   .   (helmet restricted)
rElec    .         Reflect  .   (no cloak)
rCorr    .         Harm     .   (no gloves)
MR       .....                  (no boots)
Stlth    +.........             (no amulet)
HPRegen  0.11/turn              (no ring)
MPRegen  0.09/turn              (no ring)

@: no status effects
A: antennae 2
a: no special abilities


You were on level 2 of the Dungeon.
You were not hungry.

You visited 1 branch of the dungeon, and saw 2 of its levels.

You collected 58 gold pieces.

Inventory:

Hand Weapons
 a - a +0 long sword (weapon)
Missiles
 d - 3 throwing nets (quivered)
Armour
 b - a +0 leather armour (worn)
 c - a +0 helmet
Scrolls
 g - 3 scrolls of fog {unknown}
 i - a scroll of amnesia {unknown}
 j - a scroll of blinking {unknown}
 n - a scroll of teleportation {unknown}
Potions
 e - a potion of heal wounds {unknown}
 h - 2 potions of curing {unknown}
 k - a potion of lignification {unknown}
 l - a potion of cancellation {unknown}
 m - a potion of invisibility {unknown}
Comestibles
 f - 7 rations
 o - 2 chunks of flesh


   Skills:
 + Level 2.5 Fighting
 * Level 3.5 Long Blades
 + Level 2.3 Throwing
 + Level 3.1 Dodging


You had 3 spell levels left.
You didn't know any spells.

Dungeon Overview and Level Annotations

Branches:
Dungeon (2/15)

Altars:


Innate Abilities, Weirdness & Mutations

You have a pair of antennae on your head.


Message History

You riposte.
You hit the giant cockroach.
You kill the giant cockroach!
No target in view!
No target in view!
No target in view!
No target in view!
No target in view!
No target in view!
No target in view!
No target in view!
Things that are here:
a dagger; a goblin corpse
Found an escape hatch in the floor.
A frilled lizard comes into view.
No target in view!
The frilled lizard hisses angrily.
The frilled lizard is too close now for your liking.
You see here 5 gold pieces.
A frilled lizard is nearby!
Are you sure you want to abandon this character and quit the game? (Confirm with "yes".)

##### # #...# # ###...###
######## # #..>....#
.......# .. l......#
..####.##..# ......#
.........#.#####...#.##
#.......###.....@.....##
.......## ##...........#
#.##.##.###...#.......##
.....# #.#..#.#....#.##
#.##.###..#.#.#....#.##
.....†...##.#.)..>....###
.#....#..##.#.....†.....#
#.#.###....#.).......#.#
#....#...#.#.##...#......


You could see a frilled lizard.

Vanquished Creatures
  An adder (D:2)
  3 oozes
  2 worms (D:2)
  A dart slug (D:1)
  4 leopard geckos
  A giant cockroach (D:2)
  4 goblins
  2 hobgoblins (D:1)
  7 kobolds
  5 bats
  2 frilled lizards (D:1)
  6 rats (D:1)
38 creatures vanquished.

Notes
Turn   | Place    | Note
-------+----------+-------------------------------------------
     0 | D:1      | vishdafish the Demonspawn Gladiator began the quest for the Orb.
     0 | D:1      | Reached XP level 1. HP: 16/16 MP: 1/1
   168 | D:1      | Gained mutation: You have a pair of small antennae on your head. [demonic ancestry]
   168 | D:1      | Reached XP level 2. HP: 15/22 MP: 2/2
   516 | D:1      | Reached XP level 3. HP: 15/28 MP: 3/3
  1573 | D:2      | Gained mutation: You have a pair of antennae on your head. [demonic ancestry]
  1573 | D:2      | Reached XP level 4. HP: 19/34 MP: 4/4
  1628 | D:2      | Quit the game

Vault maps used:
D:1:      evilmike_arrival_crescent, serial_co_window_serial, co_window_paths_a,
          co_window_paths_a, co_window_paths_a, co_window_cross_1,
          co_window_corner_a, co_window_corner_cb, co_window_broadway_b,
          co_window_unsneaky_path_c, co_window_corner_cb, co_window_4corner_b,
          glass_columns_a, glass_columns_c, grunt_decor_resistance
D:2:      dancing_weapons_uskayaw, grunt_gozag_statues

Skill      XL: |  1  2  3 |
---------------+----------+-----
Throwing       | 2 |  2.3
Long Blades    | 3 |  3.5
Dodging        | 3 |  3.1
Fighting       | |  2.5

Action                   |  1- 3 |  4- 6 || total
-------------------------+-------+-------++-------
Melee: Long sword        |    86 |     2 ||    88
Throw: Throwing net      |     1 |       ||     1
 Stab: Sleeping          |     1 |       ||     1
  Eat: Chunk             |     2 |       ||     2
Armor: Leather armour    |    26 |     1 ||    27
Dodge: Dodged            |    68 |     3 ||    71
       Rpst.: Long sword |    22 |     1 ||    23

Table legend:
 A = Spawn XP
 B = Non-spawn XP
 C = Spawn XP percentage of total XP
 D = Spawn monster count
 E = Non-spawn monster count
 F = Spawn count percentage of total count
 G = Total turns spent on level
                    A         B        C        D         E        F      G
               +---------+---------+-------+---------+---------+-------+---------
         Total |       0 |     100 |   0.0 |       0 |      38 |   0.0 |  1628
               +---------+---------+-------+---------+---------+-------+---------
           D:1 |       0 |      58 |   0.0 |       0 |      28 |   0.0 |  1416
           D:2 |       0 |      42 |   0.0 |       0 |      10 |   0.0 |   212
               +---------+---------+-------+---------+---------+-------+---------
